 Dungeon Crawl Stone Soup version 0.27-a0-920-gb2bd10914a (webtiles) character file.

Game seed: 12903972935072625488

11690 mhtbhm the Blocker (level 11, -2/54 HPs)
             Began as a Gargoyle Berserker on Apr 9, 2021.
             Was a High Priest of Trog.
             Killed from afar by a starcursed mass (5 damage)
             ... with an accursed screaming
             ... on level 1 of the Abyss.
             The game lasted 00:21:37 (12714 turns).

mhtbhm the Blocker (Gargoyle Berserker)            Turns: 12714, Time: 00:21:39

Health: -2/54      AC: 16    Str: 25      XL:     11   Next: 81%
Magic:  7/7        EV:  8    Int:  2 (5)  God:    Trog [*****.]
Gold:   361        SH: 27    Dex:  4 (9)  Spells: 10/10 levels left

rFire    + . .     SeeInvis .   i - +4 flail
rCold    . . .     Faith    .   d - +0 tower shield
rNeg     + . .     Spirit   .   b - +2 ring mail "Cocutauj" {rF+}
rPois    ∞         Reflect  +   r - +0 hat
rElec    +         Harm     .   A - +0 cloak
rCorr    .         Rampage  .   (no gloves)
Will     ++...                  p - +0 pair of boots
Stlth    +.........             u - amulet of reflection
HPRegen  1.18/turn              (no ring)
MPRegen  0.10/turn              (no ring)

@: mighty, unable to read, very slightly contaminated, regenerating, invisible
A: AC +8, negative energy resistance 1, electricity resistance, torment
resistance 1, unbreathing 1, petrification resistance, horns 1, large bone
plates 1, dopey 1, [deformed body], [deterioration 2], [frail 2], [low mp 3],
[screaming 2], [inability to read while threatened]
a: Renounce Religion, Berserk, Trog's Hand, Brothers in Arms


You were on level 1 of the Abyss.
You worshipped Trog.
Trog was extremely pleased with you.
You visited 1 branch of the dungeon, and saw 10 of its levels.
You visited the Abyss 1 time.
You also visited: Sewer and Bailey.

You collected 577 gold pieces.
You spent 216 gold pieces at shops.

Inventory:

Hand Weapons
 i - a +4 flail (weapon)
 C - a +1 flail of protection
Missiles
 a - 4 silver javelins
 t - 3 curare-tipped darts
Armour
 b - the +2 ring mail "Cocutauj" (worn) {rF+}
   (You bought it in a shop on level 4 of the Dungeon)

   It protects you from fire.
 d - a +0 tower shield (worn)
 p - a +0 pair of boots (worn)
 r - a +0 hat (worn)
 A - a +0 cloak (worn)
Jewellery
 u - an amulet of reflection (around neck)
Wands
 m - a wand of paralysis (6)
Scrolls
 h - a scroll of holy word {unknown}
 n - 2 scrolls of fog
 o - 2 scrolls of magic mapping
 s - a scroll of brand weapon {unknown}
 w - 2 scrolls of acquirement {unknown}
 z - a scroll of enchant weapon {unknown}
 B - a scroll of enchant armour {unknown}
Potions
 c - a potion of might
 g - a potion of mutation
 q - a potion of resistance
 v - 2 potions of lignification
 D - a potion of brilliance {unknown}
 H - a potion of ambrosia {unknown}


   Skills:
 + Level 7.8 Fighting
 + Level 10.6 Maces & Flails
 + Level 6.0 Armour
 + Level 5.3 Dodging
 - Level 1.9 Stealth
 + Level 11.9 Shields
 + Level 1.6 Evocations


You had 10 spell levels left.
You didn't know any spells.
Your spell library was empty.

Dungeon Overview and Level Annotations

Branches:
Dungeon (10/15)            Temple (0/1) D:4            Lair (0/6) D:8
  Sewer (visited)          Bailey (visited)
    Orc: D:9-12

Altars:
Elyvilon
Fedhas
Gozag
Hepliaklqana
Nemelex Xobeh
Qazlal
Wu Jian
Yredelemnul
Zin

Shops:
D:4 [

Annotations:
D:10 Erolcha


Innate Abilities, Weirdness & Mutations

Your stone body is resilient. (AC +8)
You are immune to poison.
You resist negative energy. (rN+)
You are resistant to electric shocks. (rElec)
You are resistant to unholy torment.
You can survive without breathing.
You are immune to petrification.
You have a pair of small horns on your head.
You are partially covered in large bone plates. (SH +4)
You are dopey. (Int -2)
[Armour fits poorly on your strangely shaped body.]
[Your body often deteriorates upon taking damage.]
[You are very frail. (-20% HP)]
[Your magical capacity is extremely low. (-30% MP)]
[You frequently scream uncontrollably at your foes.]
[You sometimes lose the ability to read scrolls when taking damage.]


Message History

The lance of force reflects off an invisible shield around you!
The lance of force hits the wretched star!!
The wretched star is knocked back by the lance of force.
You sock the wretched star!
The wretched star is heavily damaged.
Unknown command.
Okay, then.
Okay, then.
Your iron troll goes berserk!
A chorus of shrieks assaults your mind.
* * * LOW HITPOINT WARNING * * *
Unknown command.
Unknown command.
You feel better. You block the bone dragon's attack. x3
Your iron troll bites the bone dragon.
Your iron troll claws the bone dragon but does no damage.
Your iron troll claws the bone dragon.
A chorus of shrieks assaults your mind.
* * * LOW HITPOINT WARNING * * *
Your body deteriorates!
You feel clumsy.
You hit the bone dragon but do no damage.
The bone dragon is moderately damaged.
The wretched star pulses with an eldritch light!
You feel the urge to shout.
You feel a strong urge to scream. You block the bone dragon's attack.
The bone dragon claws you!
* * * LOW HITPOINT WARNING * * *
Your body deteriorates!
You feel clumsy. The bone dragon tramples you.
* * * LOW HITPOINT WARNING * * *
Your body deteriorates!
You feel dopey.
You hold your ground!
Your iron troll bites the bone dragon!!
Your iron troll claws the bone dragon but does no damage.
Your iron troll claws the bone dragon!
You hit the bone dragon but do no damage.
You headbutt the bone dragon!
The bone dragon is heavily damaged.
You block the bone dragon's attack. The bone dragon barely misses you.
The bone dragon tramples you but does no damage.
A chorus of shrieks assaults your mind.
You die...

# .. #.# .
.# ######
##..
##T#*#....
#..DXXX..#
##@# .####
####.##..
# # #X. #
.X .#..#
...X.
.X.......
# X### #..
. .X. .
...#
.#...x ..
.# .. # D#
+##


You could see a bone dragon (ally target), 3 starcursed masses, a wretched star
and a friendly iron troll (summoned, berserk).

Vanquished Creatures
  Harold (D:7)
  A two-headed ogre (D:9)
  Nergalle (D:10)
  A sea snake (Bailey)
  A cyclops (D:7)
  A starcursed mass (Abyss:1)
  Maurice (D:10)
  A gargoyle (D:7)
  Psyche (D:9)
  A kobold demonologist (D:10)
  2 trolls (D:10)
  A hornet (D:8)
  Prince Ribbit (D:5)
  2 wraiths (D:10)
  2 shadows
  A wyvern (D:10)
  A fire elemental (Abyss:1)
  A fire bat (Abyss:1)
  Grum (D:10)
  A steam dragon (D:6)
  2 wargs (D:8)
  13 orc warriors
  3 water moccasins
  Purgy (D:4)
  A hornet zombie (D:7)
  A sky beast (D:7)
  3 ice beasts
  A black bear (D:6)
  A necrophage (D:4)
  An ogre (D:4)
  A wolf (D:10)
  A phantom (D:7)
  3 bullfrogs
  2 kobold brigands
  A scorpion (D:4)
  3 gnoll sergeants
  7 killer bees
  3 howler monkeys (D:9)
  A bullfrog zombie (D:5)
  3 centaur zombies
  A quasit (Abyss:1)
  A jelly (D:4)
  3 hounds
  6 orc priests
  Crazy Yiuf (D:7)
  2 gnoll shamans
  A centaur skeleton (D:3)
  2 bullfrog skeletons (D:6)
  5 iguanas
  8 orc wizards
  A hound skeleton (D:5)
  A howler monkey zombie (D:10)
  20 gnolls
  9 adders
  A shadow imp (D:7)
  3 ufetubi
  An adder skeleton (D:4)
  2 worms (D:2)
  A dart slug (D:2)
  40 orcs
  3 bats
  8 endoplasms
  7 giant cockroaches
  7 goblins
  7 hobgoblins
  12 jackals
  4 quokkas
  9 ball pythons
  5 frilled lizards
  13 kobolds
  8 rats
267 creatures vanquished.

Vanquished Creatures (collateral kills)
  A ynoxinul (Abyss:1)
  A small abomination (Abyss:1)
2 creatures vanquished.

Vanquished Creatures (others)
  A kobold brigand (D:10)
  A gnoll (D:10)
  A fungus (D:7)
  A lurking horror (Abyss:1)
4 creatures vanquished.

Grand Total: 273 creatures vanquished

Notes
Turn   | Place    | Note
-------+----------+-------------------------------------------
     0 | D:1      | mhtbhm the Gargoyle Berserker began the quest for the Orb.
     0 | D:1      | Reached XP level 1. HP: 14/14 MP: 1/1
   372 | D:1      | Reached XP level 2. HP: 19/19 MP: 2/2
  1149 | D:2      | Reached ** piety under Trog
  1159 | D:2      | Reached skill level 1 in Shields
  1159 | D:2      | Reached XP level 3. HP: 14/24 MP: 3/3
  1812 | D:2      | Reached XP level 4. HP: 29/29 MP: 4/4
  2144 | D:2      | Reached skill level 2 in Shields
  2546 | D:3      | Found a hazy altar of Hepliaklqana.
  2601 | D:3      | Reached XP level 5. HP: 33/33 MP: 5/5
  2612 | D:3      | Reached *** piety under Trog
  2902 | D:3      | Found a faded altar of an unknown god.
  2931 | D:3      | Found an opulent altar of Gozag.
  3208 | D:4      | Reached skill level 3 in Shields
  3233 | D:4      | Noticed an ogre
  3269 | D:5      | Entered Level 5 of the Dungeon
  3397 | D:5      | Reached XP level 6. HP: 32/39 MP: 6/6
  3419 | D:5      | Noticed Prince Ribbit
  3430 | D:5      | Killed Prince Ribbit
  3431 | D:5      | Reached skill level 5 in Maces & Flails
  3431 | D:5      | Reached skill level 4 in Shields
  3431 | D:5      | Reached XP level 7. HP: 44/44 MP: 7/7
  3495 | D:5      | Found a glowing drain.
  3499 | Sewer    | Entered a sewer
  4259 | D:5      | Identified the +1 robe of the Pit {Regen+ Slay+3}
  4852 | D:6      | Noticed a steam dragon
  4854 | D:6      | Reached **** piety under Trog
  4866 | D:6      | Killed a steam dragon
  4867 | D:6      | Reached skill level 5 in Shields
  4867 | D:6      | Reached XP level 8. HP: 4/48 MP: 8/8
  5430 | D:6      | Gained mutation: You are dopey. (Int -2) [potion of
                  | mutation]
  5430 | D:6      | Gained mutation: You are partially covered in large bone
                  | plates. (SH +4) [potion of mutation]
  5430 | D:6      | Gained mutation: You have a pair of small horns on your
                  | head. [potion of mutation]
  5495 | D:6      | Reached skill level 5 in Fighting
  5665 | D:6      | Found a white marble altar of Elyvilon.
  5669 | D:6      | Found a stormy altar of Qazlal.
  5669 | D:6      | Found an ornate altar of the Wu Jian Council.
  5676 | D:6      | Found a glowing silver altar of Zin.
  6132 | D:4      | Reached skill level 6 in Shields
  6196 | D:4      | Found a sparkling altar of Nemelex Xobeh.
  6287 | D:4      | Noticed Purgy
  6305 | D:4      | Killed Purgy
  6315 | D:4      | Reached XP level 9. HP: 40/54 MP: 9/9
  6394 | D:4      | Found a staircase to the Ecumenical Temple.
  6717 | D:4      | Found Kypen's Antique Armour Emporium.
  6728 | D:4      | Bought a smelly ring mail for 216 gold pieces
  6728 | D:4      | Identified the +2 ring mail "Cocutauj" {rF+} (You bought it
                  | in a shop on level 4 of the Dungeon)
  7277 | D:7      | Noticed Harold
  7293 | D:7      | Killed Harold
  7294 | D:7      | Reached skill level 7 in Shields
  7329 | D:7      | Reached skill level 5 in Armour
  7497 | D:7      | Found a basalt altar of Yredelemnul.
  7904 | D:7      | Reached XP level 10. HP: 61/61 MP: 10/10
  7946 | D:7      | Reached skill level 8 in Shields
  7946 | D:7      | Noticed a gargoyle
  7968 | D:7      | Noticed a cyclops
  7975 | D:7      | Killed a cyclops
  7976 | D:7      | Reached skill level 1 in Stealth
  8099 | D:7      | Killed a gargoyle
  8500 | D:7      | Found a runed translucent door.
  8501 | D:7      | Noticed Crazy Yiuf
  8506 | D:7      | Killed Crazy Yiuf
  8555 | D:8      | Found a flagged portal.
  8621 | Bailey   | Entered a bailey
  8621 | Bailey   | Noticed an orc knight
  8622 | Bailey   | Noticed an orc knight
  8622 | Bailey   | Noticed an orc knight
  8779 | Bailey   | Reached skill level 9 in Shields
  9611 | Bailey   | Noticed a sea snake
  9611 | Bailey   | an orc knight changed into a sea snake
  9644 | Bailey   | Killed a sea snake
  9838 | Bailey   | Noticed a mana viper
  9838 | Bailey   | an orc knight changed into a mana viper
 10151 | D:8      | Reached ***** piety under Trog
 10171 | D:8      | Reached skill level 10 in Shields
 10199 | D:8      | Reached XP level 11. HP: 19/67 MP: 11/11
 10429 | D:8      | Found a staircase to the Lair.
 10433 | D:8      | Reached skill level 10 in Maces & Flails
 10588 | D:8      | Reached skill level 1 in Evocations
 10900 | D:9      | Found a blossoming altar of Fedhas.
 11093 | D:9      | Noticed a two-headed ogre
 11099 | D:9      | Killed a two-headed ogre
 11196 | D:9      | Noticed Psyche
 11210 | D:9      | Killed Psyche
 11859 | D:10     | Entered Level 10 of the Dungeon
 11877 | D:10     | Noticed Maurice
 11893 | D:10     | Reached skill level 5 in Dodging
 11893 | D:10     | Reached skill level 11 in Shields
 11894 | D:10     | Noticed Grum
 11913 | D:10     | Killed Grum
 11970 | D:10     | Killed Maurice
 12233 | D:10     | Noticed Nergalle
 12249 | D:10     | Killed Nergalle
 12386 | D:10     | Noticed Erolcha
 12393 | D:10     | Cast into level 1 of the Abyss (Erolcha)
 12566 | Abyss:1  | Noticed a worldbinder
 12581 | Abyss:1  | Noticed a manticore
 12644 | Abyss:1  | Noticed a large abomination
 12648 | Abyss:1  | Noticed a naga warrior
 12662 | Abyss:1  | Noticed a wretched star
 12670 | Abyss:1  | Noticed a starcursed mass
 12676 | Abyss:1  | Noticed a bone dragon
 12686 | Abyss:1  | Paralysed by accursed screaming for 1 turns
 12707 | Abyss:1  | Killed a starcursed mass
 12713 | Abyss:1  | HP: 1/54 [bone dragon (6)]
 12714 | Abyss:1  | Killed from afar by a starcursed mass

Illustrated notes

Levels and vault maps discovered:
D:1:      nagdon_arrival_double_spiral, layout_basic
D:2:      layout_loops_ring
D:3:      layout_rooms, nicolae_overflow_crystal_walls,
          nicolae_gozag_seed_capital, chequers_ecumenical_altar_island
D:4:      layout_cave_pools, nemelex_spade_bored_becter,
          minmay_temple_entry_ruins, serial_park, serial_park_tiny_2,
          serial_park_square3 [serial_park_minivault_5x5_3], serial_park_tiny_2,
          serial_park_avenue1, serial_park_tiny_1, serial_shops,
          nicolae_shop_behind_doors, nrook_mini_backslash,
          hangedman_decor_opposing, hangedman_decor_points, uniq_purgy
D:5:      layout_loops_corners, gup_sewer_entry_bowl, uniq_prince_ribbit1
D:6:      layout_cave_pools, minitemple, dk_noncrumbling_3,
          kennysheep_minor_cross
D:7:      minmay_chambers_of_sixes, layout_basic, yredelemnul_altar_generic,
          uniq_crazy_yiuf_cottage, uniq_harold
D:8:      layout_basic, erik_lair_orcish_takeover, enter_bailey_1
D:9:      layout_loops_corners, fedhas_altar_1, uniq_psyche
D:10:     layout_roguey, erik_orc_4, kennysheep_generic_room_15, uniq_erolcha,
          uniq_nergalle, uniq_maurice, uniq_grum
Abyss:1:  base: D:8, hangedman_shadowy_showcase, minivault_13

Skill      XL: |  1  2  3  4  5  6  7  8  9 10 11 |
---------------+----------------------------------+-----
Shields        | 1 2 3 4 5 6 7 10 11 | 11.9
Dodging        | 2 3 4 5 |  5.3
Maces & Flails | 4 5 6 7 8 9 10 | 10.6
Fighting       | 4 5 6 7 |  7.8
Armour         | 3 4 5 6 |  6.0
Stealth        | 1 |  1.9
Evocations     | 1 |  1.6

Action                   |  1- 3 |  4- 6 |  7- 9 | 10-12 || total
-------------------------+-------+-------+-------+-------++-------
Melee: Mace              |   144 |    28 |       |       ||   172
       Flail             |       |   149 |   352 |   441 ||   942
       Headbutt          |       |       |    39 |    84 ||   123
Invok: Berserk           |     3 |     4 |    11 |    13 ||    31
       Trog's Hand       |       |       |       |     1 ||     1
       Brothers in Arms  |       |       |       |     1 ||     1
Evoke: Wand              |       |       |       |    32 ||    32
  Use: Scroll            |       |     5 |    11 |    12 ||    28
       Potion            |       |       |     2 |    11 ||    13
 Stab: Paralysed         |       |       |       |     4 ||     4
Armor: Ring mail         |    94 |    74 |    97 |   145 ||   410
       Animal skin       |     3 |       |       |       ||     3
       Scale mail        |       |    75 |   103 |       ||   178
Dodge: Dodged            |    34 |    52 |    87 |    87 ||   260
Block: Tower shield      |   108 |   229 |   428 |   751 ||  1516
       Reflection        |       |       |     1 |    24 ||    25

Table legend: (Time is in decaauts)
 A = Elapsed time spent in this place.
 B = Non-inter-level travel time spent in this place.
 C = Inter-level travel time spent in this place.
 D = Time resting spent in this place.
 E = Time spent auto-exploring this place.
 F = Levels seen in this place.
 G = Mean time per level.
                   A        B        C        D        E       F      G
               +--------+--------+--------+--------+--------+-----+--------+
         Total |  13456 |  13392 |     64 |   3656 |   6260 |  13 | 1035.1 |
       Dungeon |  11568 |  11504 |     64 |   2597 |   6060 |  10 | 1156.8 |
         Abyss |    327 |    327 |      0 |    151 |      0 |   1 |  327.0 |
         Sewer |    279 |    279 |      0 |      0 |    200 |   1 |  279.0 |
        Bailey |   1282 |   1282 |      0 |    907 |      0 |   1 | 1282.0 |
               +--------+--------+--------+--------+--------+-----+--------+

Top non-repeatable levels by time:
     D:7: 1515 daAuts
     D:2: 1470 daAuts
     D:5: 1440 daAuts
     D:6: 1326 daAuts
  Bailey: 1282 daAuts
     D:1: 1170 daAuts
     D:8: 1135 daAuts
     D:4: 1107 daAuts
     D:9: 998 daAuts
     D:3: 816 daAuts
    D:10: 588 daAuts
 Abyss:1: 327 daAuts
   Sewer: 279 daAuts
